Map: Dead of Night

Players

NamroodTuo

  • Race: Zerg Zerg

Бокай

  • Race: Protoss Protoss
  • Spawn Location: 0:00

VOD

Have the link to the VOD?

Description

Time

  • Played on: Jan. 8, 2023, 3:18 p.m.
  • Length: 34:45
Show
View Real Time Build Order
Export as new Build Order

NamroodTuo Zerg 

Build Orders:  

Get SALT Encoding   

  12  0:12  Overlord  
  12  0:18  Infested SCV  
  13  0:25  Infested SCV  
  14  0:32  Infested SCV  
  15  0:49  Infested Barracks  
  15  0:55  Infested SCV  
  16  1:04  Infested SCV  
  16  1:09  Infested SCV  
  18  1:26  Infested SCV  
  19  1:37  Infested SCV  
  20  1:53  Infestation Level 1  
  20  1:59  Infested SCV  
  21  2:11  Infested Refinery  
  21  2:16  Infested SCV  
  22  2:28  Infested SCV  
  23  2:38  Infested Refinery  
  23  2:40  Infested Refinery  
  23  2:47  Overlord  
  23  3:09  Overlord  
  23  3:22  Infested Barracks Tech Lab  
  23  3:30  Infested SCV  
  23  3:31  Infested SCV  
  25  3:52  Infested Marine x2  
  25  3:53  Infested Marine x3  
  25  3:54  Infested Marine x2  
  27  4:41  Infested SCV  
  27  4:42  Infested SCV  
  27  4:43  Infested SCV x2  
  31  5:08  Infested Bunker  
  31  5:09  Infested SCV  
  36  5:10  Infested SCV  
  36  5:13  Infested Marine  
  36  5:15  Infested Marine  
  38  5:22  Overlord  
  35  5:35  Infested Marine  
  35  5:36  Infested Marine x2  
  35  5:37  Infested Marine  
  39  5:49  Overlord  
  39  5:52  Retinal Augmentation  
  38  6:13  Infested Engineering Bay  
  38  6:18  Infested Marine x3  
  38  6:19  Infested Marine x2  
  43  6:27  Infested SCV x2  
  43  6:28  Infested SCV  
  41  7:09  Infested Bunker  
  45  7:13  Infested SCV x2  
  45  7:14  Infested SCV  
  48  7:50  Infested SCV  
  48  7:51  Infested SCV  
  48  7:55  Plagued Munitions  
  45  8:00  Regenerative Plating  
  45  8:06  Infested Marine  
  45  8:07  Infested Marine x9  
  55  8:32  Overlord x2  
  55  8:59  Infested Factory  
  55  9:00  Stukov Infantry Weapons Level 1  
  55  9:15  Infested Marine x2  
  55  9:16  Infested Marine  
  58  9:22  Infested Barracks  
  53  9:32  Infested Marine  
  53  9:33  Infested Marine x10  
  53  9:34  Infested Marine  
  53  9:35  Infested Marine x3  
  67  10:36  Infested Bunker  
  71  10:47  Infested SCV x2  
  71  10:49  Overlord x2  
  69  10:50  Overlord  
  69  10:56  Infestation Level 2  
  55  11:24  Infested Bunker  
  55  11:29  Infested Bunker  
  59  11:40  Stukov Infantry Armor Level 1  
  59  12:15  Infested Bunker  
  63  12:23  Infested Bunker  
  67  12:36  Infested Bunker  
  75  12:56  Anaerobic Enhancement  
  75  13:10  Infested Missile Turret  
  75  13:28  Infested Bunker  
  75  13:55  Infested Marine  
  75  13:56  Infested Marine x15, Broodling Gestation  
  75  13:57  Infested Marine x4  
  87  14:20  Stukov Infantry Weapons Level 2  
  83  15:17  Infested Marine  
  83  15:18  Infested Marine x10  
  83  15:19  Infested Marine  
  95  15:22  Overlord x4  
  95  15:23  Overlord  
  95  15:38  Infested Bunker  
  90  15:48  Infested Bunker  
  94  16:02  Infested Armory  
  94  16:05  Infested SCV  
  94  16:06  Overlord  
  103  16:20  Infested Bunker  
  107  16:40  Infested Marine  
  107  16:41  Infested Marine x20  
  116  17:06  Infested Marine  
  116  17:07  Infested Marine x11  
  116  17:08  Infested Marine x6  
  134  17:25  Infested Bunker  
  134  17:29  Stukov Infantry Armor Level 2  
  134  17:38  Infested Barracks  
  134  17:53  Infested Barracks  
  134  18:09  Infested Marine  
  135  18:10  Infested Marine x8  
  135  18:18  Overlord x4  
  135  18:19  Overlord  
  122  18:25  Infested Bunker  
  107  19:11  Infested Bunker  
  119  19:30  Infested Bunker  
  111  20:02  Infested Bunker  
  111  20:17  Infested Bunker  
  111  20:19  Infested Marine x5  
  116  20:20  Infested Marine x19  
  116  20:21  Infested Marine x4  
  116  20:23  Infestation Level 3  
  139  20:39  Calcified Armor  
  139  21:17  Infested Bunker  
  147  21:28  Infested Marine x3  
  147  21:29  Infested Marine x21  
  171  21:35  Infested Marine  
  171  21:36  Infested Marine x12  
  171  21:39  Stukov Infantry Weapons Level 3  
  156  22:08  Infested Marine, Infested Bunker  
  156  22:09  Infested Marine x11  
  168  22:10  Infested Marine x6  
  174  22:28  Infested Marine  
  174  22:29  Infested Marine x10  
  183  22:30  Infested Marine x5  
  180  22:41  Infested Marine  
  180  22:42  Infested Marine x2  
  182  23:01  Infested Marine  
  182  23:02  Infested Marine x4  
  164  23:18  Infested Marine x7  
  164  23:19  Infested Marine x9  
  164  23:31  Infested Marine  
  164  23:32  Infested Marine x11  
  164  23:33  Infested Marine x7  
  173  23:53  Overlord  
  173  23:54  Overlord x4  
  173  23:55  Aggressive Incubation  
  172  24:08  Infested Marine  
  172  24:09  Infested Marine x8  
  171  24:10  Infested Marine x12  
  171  24:16  Infested Missile Turret  
  174  24:54  Infested Marine  
  174  24:55  Infested Marine x15  
  174  24:56  Infested Marine x5  
  157  25:14  Infested Marine x4  
  157  25:15  Infested Marine x21  
  157  25:16  Infested Marine x19  
  157  25:19  Stukov Infantry Armor Level 3  
  190  25:37  Infested Marine  
  190  25:38  Infested Marine x7  
  190  25:39  Infested Marine x3  
  165  26:04  Infested Marine  
  165  26:05  Infested Marine x9  
  154  26:27  Infested Bunker  
  160  26:40  Infested Bunker  
  160  26:41  Infested Bunker  
  131  28:01  Infested Bunker  
  131  28:08  Infested Bunker  
  139  28:30  Infested Missile Turret  
  139  28:59  Infested Missile Turret  
  139  30:06  Infested Marine  
  139  30:07  Infested Marine x21  
  139  30:08  Infested Marine x17  
  170  31:19  Infested Marine x2, Infested Bunker  
  176  31:20  Infested Marine x18  
  176  31:29  Infested Missile Turret  
  194  31:38  Infested Marine x5  
  194  31:39  Infested Marine x2  
  174  31:59  Infested Missile Turret  
  174  32:03  Infested Marine x2  
  174  32:04  Infested Marine x20  
  174  32:07  Infested Bunker  
  184  32:27  Infested Missile Turret  
  174  33:10  Infested Marine  
  174  33:11  Infested Marine x11  
  174  33:12  Infested Marine x6  
  185  33:28  Infested Marine  
  185  33:29  Infested Marine x13  
  197  33:30  Infested Marine x2  
  181  33:40  Infested Marine  
  181  33:41  Infested Marine x10  
Show
View Real Time Build Order
Export as new Build Order

Бокай Protoss 

Build Orders:  

Get SALT Encoding   

  12  0:13  Assimilator  
  12  0:32  Probe (Chrono Boost)  
  13  0:46  Probe (Chrono Boost)  
  14  1:00  Probe (Chrono Boost)  
  14  1:07  Pylon  
  15  1:22  Assimilator  
  15  1:32  Probe (Chrono Boost)  
  15  1:39  Pylon  
  16  1:46  Probe (Chrono Boost)  
  17  1:57  Pylon  
  17  2:00  Probe (Chrono Boost)  
  18  2:13  Probe (Chrono Boost)  
  18  2:17  Assimilator  
  19  2:29  Gateway  
  19  2:37  Forge  
  19  2:48  Probe (Chrono Boost)  
  20  3:02  Probe (Chrono Boost)  
  21  3:16  Probe (Chrono Boost)  
  22  3:30  Probe (Chrono Boost)  
  23  3:43  Photon Cannon  
  23  3:44  Probe (Chrono Boost)  
  24  3:57  Photon Cannon  
  24  3:58  Probe (Chrono Boost)  
  25  4:12  Probe (Chrono Boost)  
  25  4:16  Photon Cannon  
  26  4:34  Photon Cannon  
  26  4:46  Protoss Ground Weapons Level 1  
  26  4:49  Photon Cannon  
  26  5:03  Probe (Chrono Boost)  
  26  5:04  Cybernetics Core  
  28  5:20  Probe (Chrono Boost)  
  28  5:31  Zealot  
  31  6:00  Probe (Chrono Boost)  
  31  6:03  Photon Cannon  
  29  6:17  Probe (Chrono Boost)  
  30  6:34  Probe (Chrono Boost)  
  30  6:38  Twilight Council  
  31  6:47  Robotics Facility  
  32  6:51  Probe (Chrono Boost)  
  32  6:53  Stargate  
  32  6:56  Protoss Shields Level 1  
  32  7:07  Gateway  
  32  7:08  Probe (Chrono Boost)  
  33  7:25  Probe (Chrono Boost)  
  34  7:39  Dragoon  
  36  7:41  Dragoon  
  36  7:42  Probe (Chrono Boost)  
  39  8:05  Pylon  
  39  8:11  Pylon  
  39  8:18  Pylon  
  39  8:29  Pylon  
  39  8:32  Dragoon  
  39  8:33  Probe (Chrono Boost)  
  39  8:34  Dragoon, Pylon  
  39  8:36  Dragoon  
  47  8:50  Probe (Chrono Boost)  
  47  9:07  Probe (Chrono Boost)  
  48  9:21  Photon Cannon  
  48  9:23  Probe (Chrono Boost), Photon Cannon  
  48  9:26  Photon Cannon  
  48  9:40  Probe (Chrono Boost)  
  48  10:10  Photon Cannon  
  48  10:16  Photon Cannon  
  48  10:22  Pylon  
  48  10:40  Photon Cannon  
  48  10:42  Photon Cannon  
  48  10:44  Photon Cannon  
  48  10:58  Photon Cannon  
  48  11:14  Photon Cannon  
  48  11:15  Photon Cannon  
  48  11:18  Photon Cannon  
  48  11:21  Photon Cannon  
  48  11:24  Phoenix  
  50  11:34  Charge  
  50  11:56  Robotics Bay  
  50  11:59  Phoenix, Fleet Beacon  
  52  12:04  Protoss Shields Level 2  
  52  12:10  Templar Archives  
  52  12:34  Phoenix, Singularity Charge  
  54  13:05  High Templar  
  54  13:09  High Templar  
  58  13:11  High Templar  
  58  13:12  High Templar  
  58  13:14  High Templar  
  58  13:16  High Templar  
  66  13:21  Archon  
  66  13:22  Archon  
  66  13:24  Archon  
  66  14:20  High Templar  
  66  14:22  High Templar  
  66  14:28  Anion Pulse-Crystals  
  70  14:36  Archon  
  70  14:39  Protoss Ground Weapons Level 2  
  70  15:01  Gravitic Boosters  
  70  15:04  Psionic Storm  
  70  15:06  Whirlwind  
  70  15:11  Protoss Air Weapons Level 1  
  70  15:30  Zealot  
  70  15:32  Zealot x3  
  78  15:57  Photon Cannon  
  78  16:00  Photon Cannon  
  78  16:01  Improved Barrier  
  78  16:03  Photon Cannon  
  78  16:06  Photon Cannon  
  78  16:07  Photon Cannon  
  78  16:10  Photon Cannon  
  78  16:13  Photon Cannon  
  78  16:16  Photon Cannon  
  78  16:28  Photon Cannon x2  
  78  16:36  Trillic Compresion Mesh  
  78  16:41  Zealot  
  78  16:44  Zealot  
  78  16:45  Zealot  
  78  16:46  Zealot  
  86  17:04  Pylon  
  86  17:09  Pylon  
  86  17:10  Pylon  
  86  17:11  Pylon  
  86  17:15  Pylon  
  86  17:16  Pylon  
  86  17:20  Protoss Ground Armor Level 1  
  86  17:29  Immortal  
  90  17:51  Protoss Air Armor Level 1  
  90  18:24  Immortal  
  94  18:52  Phoenix  
  96  19:04  High Templar  
  96  19:05  High Templar  
  96  19:06  High Templar  
  102  19:12  Archon  
  102  19:19  Immortal  
  106  19:20  Protoss Ground Weapons Level 3  
  106  19:26  Phoenix  
  108  20:01  Phoenix  
  108  20:14  Immortal  
  108  20:18  Zealot  
  114  20:23  Zealot x2  
  118  20:36  Phoenix  
  120  20:51  Gateway  
  120  20:52  Gateway  
  120  21:11  Phoenix  
  118  21:29  High Templar  
  120  21:32  Archon  
  116  22:19  Protoss Shields Level 3  
  116  22:31  Photon Cannon  
  116  22:36  Zealot x2  
  116  22:38  Zealot x3  
  126  23:03  Photon Cannon  
  126  23:17  Pylon  
  122  24:07  Photon Cannon  
  122  24:10  Photon Cannon  
  122  24:12  Photon Cannon x2  
  122  24:13  Photon Cannon  
  122  24:31  Pylon  
  122  24:34  Pylon  
  122  25:02  Photon Cannon  
  122  25:05  Photon Cannon  
  122  25:09  Photon Cannon  
  122  25:11  Photon Cannon x2  
  122  25:21  Photon Cannon  
  122  25:30  Photon Cannon  
  122  25:31  Photon Cannon  
  118  26:49  Dragoon x2  
  120  26:50  Dragoon x2  
  120  26:51  Dragoon  
  120  26:54  High Templar  
  120  26:55  High Templar x2  
  120  26:56  High Templar, Photon Cannon  
  120  26:59  Archon  
  134  27:00  Archon, Photon Cannon  
  134  27:54  Protoss Air Weapons Level 2  
  130  28:29  Protoss Ground Armor Level 2  
  124  29:40  Zealot x2  
  124  29:41  Zealot x2  
  124  29:42  Zealot x2  
  124  29:43  Zealot  
  124  29:44  Zealot x2  
  138  30:29  Protoss Air Armor Level 2  
  128  30:54  High Templar  
  128  30:58  High Templar x2  
  128  30:59  High Templar  
  126  31:00  High Templar  
  126  31:01  High Templar x2  
  126  31:02  High Templar  
  126  31:05  Archon  
  126  31:06  Archon x2  
  126  31:07  Archon  
  128  31:12  Zealot x3  
  128  31:13  Zealot  
  128  31:15  Immortal  
  128  31:19  Phoenix  
  128  31:54  Phoenix  
  130  32:10  Immortal  
  134  32:29  Phoenix  
  136  33:04  Phoenix  
  136  33:05  Immortal  
Tags
 
Commander
ArtanisStukov
Matchup
Co-op
Replay Pack
Multiplayer
Add a new tag
Caveats
  • Supply blocks, unpowered buildings, or Contaminate may cause inaccurate times.
  • Supply counts are checked every 10 seconds.